 Dungeon Crawl Stone Soup version 0.26-a0-58-g79b31b8662 (webtiles) character file.

Game seed: 10344699426164146113

529 Harbin the Conjurer (level 7, -1/56 HPs)
             Began as a Pale Draconian Conjurer on June 8, 2020.
             Slain by a gnoll shaman
             ... wielding a +0 club
              (6 damage)
             ... on level 3 of the Dungeon.
             The game lasted 00:38:01 (4400 turns).

Harbin the Conjurer (Pale Draconian Conjurer)       Turns: 4400, Time: 00:38:02

Health: -1/56      AC:  7    Str: 11    XL:     7   Next: 3%
Magic:  1/12       EV: 13    Int: 17    God:
Gold:   268        SH:  0    Dex: 11    Spells: 3/13 levels left

rFire    . . .     SeeInvis .   n - +1 mace (vorpal)
rCold    . . .     Gourm    .   (no shield)
rNeg     . . .     Faith    .   (armour unavailable)
rPois    .         Spirit   .   (helmet restricted)
rElec    .         Reflect  .   (no cloak)
rCorr    .         Harm     .   i - +0 pair of gloves
MR       .....                  (no boots)
Stlth    ++........             (no amulet)
HPRegen  0.18/turn              (no ring)
MPRegen  0.13/turn              (no ring)

@: no status effects
A: breathe steam, unfitting armour, cold-blooded, AC +6
a: Breathe Steam


You were on level 3 of the Dungeon.
You were hungry.

You visited 1 branch of the dungeon, and saw 4 of its levels.

You collected 268 gold pieces.

Inventory:

Hand Weapons
 d - a +0 dagger
 e - a +0 quarterstaff
 g - a +0 quarterstaff
 h - a +0 dagger
 n - a +1 vorpal mace (weapon)
 r - a +0 spear
Missiles
 m - 3 javelins (quivered)
 t - 6 silver javelins
Armour
 i - a +0 pair of gloves (worn)
Jewellery
 o - an uncursed ring of fire
Wands
 j - a wand of paralysis (7)
Scrolls
 c - 5 scrolls of identify
 l - 4 scrolls of teleportation
 p - a scroll of magic mapping {unknown}
 w - a scroll of enchant weapon {unknown}
Potions
 f - a potion of resistance
 k - a potion of heal wounds
 q - 2 potions of lignification {unknown}
 s - a potion of curing {unknown}
Comestibles
 b - 8 rations
 u - 3 chunks of flesh


   Skills:
 + Level 2.5 Fighting
 + Level 3.0 Dodging
 + Level 3.2 Stealth
 * Level 3.9 Spellcasting
 * Level 5.5 Conjurations
 + Level 0.8 Hexes
 + Level 0.9 Translocations


You had 3 spell levels left.
You knew the following spells:

 Your Spells              Type           Power        Failure   Level  Hunger
a - Magic Dart            Conj           ###.         1%          1    None
b - Searing Ray           Conj           ###...       2%          2    ##.....
c - Dazzling Flash        Conj/Hex       ##....       13%         3    ###....
d - Iskenderun's Mystic   Conj/Tloc      ##......     38%         4    ####...

Your spell library contained the following spells:

 Spells                   Type           Power        Failure   Level  Hunger
 Fulminant Prism          Conj/Hex       ##........   38%         4    ####...


Dungeon Overview and Level Annotations

Branches:
Dungeon (4/15)
 Temple: D:4-7

Altars:
Dithmenos
Qazlal
Trog


Innate Abilities, Weirdness & Mutations

You can breathe blasts of scalding, opaque steam.
Your pale cyan-grey scales are hard. (AC +6)
You cannot fit into any form of body armour.
You are cold-blooded and may be slowed by cold attacks.


Message History

Here: a gnoll shaman, wielding a +0 club and wearing a +0 leather armour (severely wounded)
A shaft, spattered with blood.
Okay, then.
Okay, then.
Okay, then.
Press: ? - help, v - describe, . - travel A stone wall.
You barely miss the gnoll shaman.
You tail-slap the gnoll shaman, but do no damage.
The gnoll shaman is severely wounded.
The gnoll shaman barely misses you.
Casting: Magic Dart (safe; 1% risk of failure)
Confirm with . or Enter, or press ? or * to list all spells.
Aiming: Magic Dart (safe; 1% risk of failure)
Press: ? - help, Shift-Dir - straight line, f/p - gnoll shaman
Aim: a gnoll shaman, wielding a +0 club and wearing a +0 leather armour (severely wounded)
The magic dart hits the gnoll shaman but does no damage.
The gnoll shaman is severely wounded.
The gnoll shaman hits you with a +0 club.
You die...

#.##...#####.......
############.##.### ########
#...)§.......##.### #......#
#.#.§§§.^.^.......# #.####..
#.^##≈...#^^.##.#.#####.####..
#.^##§≈..^##.....#............
#.§≈^≈..≈^#≈..#.###.##........
#..^..^(..^.^.##.#.###..###.#.
#......_.....@###.####..# #.#.
##.^§...≈≈.^g.# #.......# #.#.
#≈###..^#.#..# #.####..# #.##
#≈≈##^.≈.≈≈..# #.# #..# #.#
#.#.#..≈##.^.# #.# #..# #.#
#≈..≈.^.^.#.###.## #..# #.##
#####....##.##...###..# #.#.
##.####...........###.#. #.#
####...####.......


You could see a gnoll shaman.

Vanquished Creatures
  Sigmund (D:2)
  An ogre (D:4)
  A hound (D:4)
  A centaur skeleton (D:4)
  4 worker ants (D:4)
  3 adders
  An ooze (D:1)
  3 worms (D:2)
  4 dart slugs
  2 leopard geckos
  9 orcs
  6 giant cockroaches
  10 goblins
  7 hobgoblins
  2 jackals
  4 kobolds
  2 quokkas
  A ball python (D:1)
  6 bats
  5 frilled lizards
  11 rats
84 creatures vanquished.

Notes
Turn   | Place    | Note
-------+----------+-------------------------------------------
     0 | D:1      | Harbin the Draconian Conjurer began the quest for the Orb.
     0 | D:1      | Reached XP level 1. HP: 14/14 MP: 3/3
   174 | D:1      | Reached XP level 2. HP: 3/22 MP: 0/5
  1489 | D:2      | Reached XP level 3. HP: 7/27 MP: 1/6
  1502 | D:2      | HP: 1/27 [poisoned by an adder]
  1578 | D:2      | Learned a level 2 spell: Searing Ray
  1784 | D:2      | Reached skill level 1 in Fighting
  1788 | D:2      | Noticed Sigmund
  1833 | D:3      | Found a shadowy altar of Dithmenos.
  1926 | D:3      | Reached XP level 4. HP: 29/35 MP: 1/8
  2074 | D:2      | Found a faded altar of an unknown god.
  2215 | D:2      | Killed Sigmund
  2215 | D:2      | Reached skill level 5 in Conjurations
  2215 | D:2      | Reached XP level 5. HP: 19/41 MP: 2/10
  3165 | D:3      | Reached XP level 6. HP: 48/48 MP: 8/11
  3700 | D:3      | Found a stormy altar of Qazlal.
  3835 | D:4      | Learned a level 3 spell: Dazzling Flash
  3840 | D:4      | Learned a level 4 spell: Iskenderun's Mystic Blast
  4242 | D:4      | Found a bloodstained altar of Trog.
  4301 | D:4      | Your scales start taking on a pale cyan-grey colour.
  4301 | D:4      | Reached XP level 7. HP: 56/56 MP: 6/12
  4400 | D:3      | Slain by a gnoll shaman

Illustrated notes

Levels and vault maps discovered:
D:1:      dpeg_arrival_tiny_a, layout_rooms, minivault_5, kennysheep_flooded_box
D:2:      minmay_inner_zag, layout_loops_ring, chequers_ecumenical_altar_lobes,
          serial_park_tiny_2, uniq_sigmund
D:3:      layout_loops_ring, grunt_qazlal_sundering, grunt_dithmenos_smoke,
          first_ration, serial_glass, glass_columns_c, glass_columns_c,
          minmay_puff
D:4:      minmay_polygon_palace, layout_basic, kennysheep_little_box,
          minmay_temple_entry_offerings

Skill      XL: |  1  2  3  4  5  6 |
---------------+-------------------+-----
Dodging        | 2 3 |  3.0
Stealth        | 2 3 |  3.2
Fighting       | 1 2 |  2.5
Spellcasting   | 3 |  3.9
Conjurations   | 5 |  5.5
Hexes          | |  0.8
Translocations | |  0.9

Action                   |  1- 3 |  4- 6 |  7- 9 || total
-------------------------+-------+-------+-------++-------
Melee: Unarmed           |     4 |       |       ||     4
       Dagger            |    39 |       |       ||    39
       Tailslap          |     3 |     6 |     3 ||    12
       Quarterstaff      |    12 |     1 |       ||    13
       Mace              |       |    52 |    11 ||    63
 Cast: Magic Dart        |    78 |    69 |     3 ||   150
       Searing Ray       |     3 |     7 |       ||    10
       Dazzling Flash    |       |       |     4 ||     4
  Use: Scroll            |     3 |     2 |     2 ||     7
       Potion            |     2 |     1 |       ||     3
 Stab: Sleeping          |       |     4 |       ||     4
  Eat: Chunk             |     4 |     8 |       ||    12
Armor: Skin              |    18 |    18 |     3 ||    39
Dodge: Dodged            |    49 |    48 |    14 ||   111

Table legend:
 A = Non-vault XP
 B = Vault XP
 C = Vault XP percentage of total XP
 D = Non-vault monster count
 E = Vault monster count
 F = Vault count percentage of total count
                 A         B        C        D         E       F
            +---------+---------+-------+---------+---------+-------
      Total |     506 |     250 |  33.1 |      74 |      10 |  11.9
            +---------+---------+-------+---------+---------+-------
        D:1 |      33 |       0 |   0.0 |      19 |       0 |   0.0
        D:2 |      71 |     249 |  77.8 |      26 |       9 |  25.7
        D:3 |      42 |       1 |   2.3 |      16 |       1 |   5.9
        D:4 |     360 |       0 |   0.0 |      13 |       0 |   0.0
            +---------+---------+-------+---------+---------+-------
